 Dungeon Crawl Stone Soup version 0.30-a0-578-gdee14c521f (webtiles) character file.

Game seed: 16555262079485325799

344 scionoferis the Ruffian (level 6, -1/52 HPs)
             Began as a Draconian Monk on Dec 31, 2022.
             Slain by a gnoll
             ... wielding a +0 halberd
             ... led by a gnoll bouda
              (13 damage)
             ... on level 6 of the Dungeon.
             The game lasted 00:05:50 (2911 turns).

scionoferis the Ruffian (Draconian Monk)            Turns: 2911, Time: 00:05:51

Health: -1/52      AC:  6    Str: 16    XL:     6   Next: 31%
Magic:  6/6        EV: 13    Int: 10    God:
Gold:   190        SH:  0    Dex: 13    Spells: 5/5 levels left

rFire   + . .      SeeInvis .      - Unarmed
rCold   + . .      Faith    .    (no shield)
rNeg    . . .      Spirit   .    (body armour unavailable)
rPois   +          Reflect  .    (helmet restricted)
rElec   +          Harm     .    (no cloak)
rCorr   +          Rampage  .    (no gloves)
Will    .....                    (no boots)
Stlth   ++                       (no amulet)
HPRegen 0.28/turn                h - ring of poison resistance
MPRegen 0.10/turn                (no ring)

@: brilliant, resistant, attractive
A: AC +6, unfitting armour, cold-blooded
a: no special abilities


You were on level 6 of the Dungeon.
You visited 1 branch of the dungeon, and saw 5 of its levels.

You collected 190 gold pieces.


Innate Abilities, Weirdness & Mutations

Your plain brown scales are hard. (AC +6)
You cannot fit into any form of body armour.
You are cold-blooded and may be slowed by cold attacks.


   Skills:
 + Level 4.3 Fighting
 + Level 3.7 Dodging
 - Level 4.0 Stealth
 * Level 4.8 Unarmed Combat


You had 5 spell levels left.
You didn't know any spells.
Your spell library contained the following spells:

 Spells                   Type           Power      Damage    Failure   Level
 Sandblast                Erth           0%         2d4       36%         1
 Passwall                 Tmut/Erth      0%         N/A       50%         2
 Sublimation of Blood     Necr           0%         N/A       50%         2
 Wereblood                Tmut           0%         N/A       50%         2
 Stone Arrow              Conj/Erth      0%         3d7       75%         3
 Summon Hydra             Summ           0%         N/A       100%        7

Inventory:

Missiles
 d - 10 poisoned darts (quivered)
Jewellery
 h - a ring of poison resistance (left hand)
   (You found it on level 2 of the Dungeon)
 l - a ring of fire
   (You took it off an orc on level 3 of the Dungeon)
Wands
 k - a wand of iceblast (9)
   (You found it on level 3 of the Dungeon)
Scrolls
 b - a scroll of vulnerability {unknown}
 c - a scroll of magic mapping {unknown}
 g - 5 scrolls of identify {unknown}
 j - a scroll of enchant armour {unknown}
Potions
 e - a potion of attraction
 f - 2 potions of curing

Dungeon Overview and Level Annotations

Branches:
Dungeon (4/15)
 Temple: D:4-7

Altars:
Cheibriados
Dithmenos
Gozag
Hepliaklqana
Makhleb
Trog
Vehumet
Yredelemnul
Zin

# #.....# ## #.....# .#
#.....# .# #.....# .# #.....#
.####.....####
..'..>....'..### .
.###......#....###########....
.# ##.#######...@g§..)...g....
.# #+# ##.###########...o .#
#..# . ## ##..# # #..# #...
###


You could see a gnoll.


Message History

You hit the worm.
The worm is heavily wounded.
The worm bites you.
You barely miss the worm.
The worm is heavily wounded.
You hit the worm.
The worm is severely wounded.
The worm barely misses you.
You hit the worm but do no damage.
The worm is severely wounded.
You hit the worm.
The worm is severely wounded.
The worm closely misses you.
You hit the worm.
The worm is almost dead.
The worm barely misses you.
You barely miss the worm.
The worm is almost dead.
You hit the worm. You tail-slap the worm.
You kill the worm!
You hit the kobold but do no damage. The kobold hits you but does no damage.
You hit the kobold.
You kill the kobold!
No target in view!
You now have 88 gold pieces (gained 15).
Found a ring mail.
g - a scroll labelled WAKHLO IDIF NEG A rat and a worm come into view.
Found a stone staircase leading up.
A hobgoblin and a bat come into view.
Found a scale mail.
You barely miss the worm. You completely miss the worm.
The worm closely misses you.
You barely miss the worm. You punch the worm.
The worm is moderately wounded.
You hit the worm.
You tail-slap the worm, but do no damage.
The worm is moderately wounded.
The worm bites you.
You hit the worm but do no damage.
The worm is moderately wounded.
You hit the worm. You tail-slap the worm.
The worm is heavily wounded.
The worm closely misses you.
You hit the worm.
The worm is severely wounded.
The worm misses you.
You hit the worm.
Your tail-slap misses the worm.
The worm is severely wounded.
You hit the worm.
You kill the worm!
You hit the rat.
You kill the rat!
No target in view!
Found a stone staircase leading down.
A hobgoblin comes into view.
Found 8 gold pieces.
The hobgoblin shouts!
You hear an angry hiss.
You closely miss the hobgoblin. The hobgoblin hits you.
You hit the hobgoblin.
The hobgoblin is moderately wounded.
You barely miss the hobgoblin.
The hobgoblin is moderately wounded.
The hobgoblin hits you but does no damage.
You hit the hobgoblin. Your punch misses the hobgoblin.
The hobgoblin is severely wounded.
The hobgoblin closely misses you.
You hit the hobgoblin.
You kill the hobgoblin!
No target in view!
You now have 96 gold pieces (gained 8).
A ball python comes into view.
The ball python moves out of view.
A ball python is nearby!
Found a stone staircase leading down.
The ball python hisses angrily.
The bat hits you but does no damage.
You closely miss the bat. The bat misses you.
You hit the hobgoblin.
You kill the hobgoblin!
The bat hits you but does no damage.
The ball python bites you but does no damage.
The ball python grabs you. The ball python constricts you.
You hit the ball python.
You kill the ball python!
The bat barely misses you. The bat hits you but does no damage.
You barely miss the bat. You tail-slap the bat.
The bat is heavily wounded.
The bat hits you.
You barely miss the bat.
The bat is heavily wounded.
The bat hits you. The bat hits you but does no damage. The bat hits you.
The bat barely misses you.
You barely miss the bat.
Your tail-slap misses the bat.
The bat is heavily wounded.
The bat hits you but does no damage. The bat hits you but does no damage. x2
You completely miss the bat. The bat misses you. The bat closely misses you.
The bat hits you but does no damage.
You hit the bat.
You kill the bat!
No target in view!
An endoplasm comes into view.
A giant cockroach comes into view.
The helpless endoplasm fails to defend itself.
You hit the endoplasm.
You kill the endoplasm!
You have reached level 4!
You feel stronger.
The helpless giant cockroach fails to defend itself.
You punch the giant cockroach!
You kill the giant cockroach!
No target in view!
No target in view!
h - a ring of poison resistance A ball python comes into view.
h - a ring of poison resistance (left hand)
The ball python hisses angrily.
The ball python closely misses you. x2
You hit the ball python.
You kill the ball python!
No target in view!
There is a stone staircase leading down here.
You see here a +0 chain mail.
Done exploring.
Done exploring.
Search for what [Enter for ":", or ? for help]? d: Unknown command.
There is a stone staircase leading down here.
You climb downwards.
Found a stone staircase leading up.
There is a stone staircase leading up here.
There is a stone staircase leading up here.
There is a stone staircase leading up here.
There is a stone staircase leading up here.
A worm comes into view.
An endoplasm comes into view.
You hit the worm.
The worm is moderately wounded.
You hit the worm. You tail-slap the worm.
The worm is heavily wounded.
The worm bites you but does no damage.
You hit the worm.
The worm is severely wounded.
You hit the worm but do no damage.
The worm is severely wounded.
The worm completely misses you.
You hit the worm.
The worm is almost dead.
You hit the worm.
The worm is almost dead.
The worm bites you.
You hit the worm.
You kill the worm!
No target in view!
HP restored.
The endoplasm quivers.
You see here a worm corpse.
You punch the endoplasm!
You kill the endoplasm!
No target in view!
e - 2 sedimented white potions (gained 1)
An orc comes into view. It is wielding a +0 short sword.
Found a fizzy red potion, a silvery potion and a whip.
A worm comes into view.
Found a hazy altar of Hepliaklqana.
The orc shouts!
You hear a shout!
Found an escape hatch in the ceiling.
An orc wizard comes into view. It is wielding a +0 dagger.
The orc hits you with a +0 short sword.
You barely miss the orc. The orc hits you with a +0 short sword.
You hit the orc.
The orc is heavily wounded.
The worm closely misses you. The orc barely misses you.
The orc attacks as you move away! The orc hits you but does no damage.
The orc attacks as you move away! The orc hits you with a +0 short sword.
The orc attacks as you move away! The orc barely misses you.
You closely miss the orc.
Your tail-slap misses the orc.
The orc is heavily wounded.
The orc barely misses you.
You closely miss the orc.
The orc is moderately wounded.
The orc barely misses you.
You hit the orc.
Your tail-slap misses the orc.
The orc is severely wounded.
The orc hits you but does no damage.
You hit the orc.
You kill the orc!
The worm bites you.
Things that are here:
a +0 short sword; a +0 leather armour You hit the worm.
Your tail-slap misses the worm.
The worm is moderately wounded.
You hit the worm.
The worm is severely wounded.
The orc wizard casts a spell.
The orc wizard flickers and vanishes!
Deactivating autopickup; reactivate with Ctrl-A.
The worm bites you.
You punch the worm!
You kill the worm!
A magic dart appears from out of thin air!
The magic dart hits you.
No target in view!
No target in view!
Something hits you.
You closely miss something. Something hits you but does no damage.
You miss something.
Your tail-slap misses something.
Something hits you but does no damage.
You miss something. Something barely misses you.
You miss something. You punch something. Something hits you.
You barely miss something.
Your tail-slap misses something.
Something hits you but does no damage.
You miss something. Something hits you but does no damage.
You hit something but do no damage. Something hits you.
You barely miss something. Something hits you.
You punch something! You punch something.
You hear some strange, mumbled words.
A puff of flame appears from out of thin air!
The puff of flame hits you!
You hit something.
Reactivating autopickup.
You feel a bit more experienced.
Your Stealth skill increases to level 3!
Things that are here:
a +0 dagger; a +0 robe; an orc corpse An adder comes into view.
Things that are here:
a +0 short sword; a +0 leather armour You start resting.
HP restored.
Things that are here:
a +0 short sword; a +0 leather armour
Things that are here:
a +0 dagger; a +0 robe; an orc corpse An adder is nearby!
Throw: 4 darts (poison)
Press: ? - help, Q - select action Shift-Dir - straight line, f - adder
Aim: an adder (wandering, hasn't noticed you, 38% to hit)
You throw a poisoned dart. The poisoned dart misses the adder.
The adder hisses angrily.
Throw: 3 darts (poison)
Press: ? - help, Q - select action Shift-Dir - straight line, f/p - adder
Aim: an adder (38% to hit)
You throw a poisoned dart.
The poisoned dart barely misses the adder.
Throw: 2 darts (poison)
Press: ? - help, Q - select action Shift-Dir - straight line, f/p - adder
Aim: an adder (38% to hit)
You throw a poisoned dart. The poisoned dart hits the adder.
The adder is poisoned.
Throw: dart (poison)
Press: ? - help, Q - select action Shift-Dir - straight line, f/p - adder
Aim: an adder (poisoned, 38% to hit)
You throw a poisoned dart. The poisoned dart misses the adder.
Things that are here:
a +0 dagger; a +0 robe; an orc corpse
Things that are here:
a +0 short sword; a +0 leather armour You miss the adder.
You tail-slap the adder, but do no damage.
The adder is moderately wounded.
The adder bites you.
You hit the adder.
The adder is severely wounded.
The adder barely misses you.
You closely miss the adder.
The adder is severely wounded.
The adder looks more healthy.
The adder bites you but does no damage. The adder misses you.
You barely miss the adder.
The adder is severely wounded.
The adder bites you but does no damage.
You closely miss the adder.
Your tail-slap misses the adder.
The adder is severely wounded.
The adder closely misses you.
You completely miss the adder.
The adder is severely wounded.
The adder bites you.
You miss the adder.
The adder is severely wounded.
The adder misses you.
You barely miss the adder. Your punch misses the adder.
The adder is heavily wounded.
The adder bites you but does no damage. The adder barely misses you.
You miss the adder.
The adder is heavily wounded.
The adder closely misses you.
You hit the adder.
The adder is almost dead.
The adder bites you but does no damage.
You hit the adder. You punch the adder.
You kill the adder!
Your Unarmed Combat skill increases to level 4!
No target in view!
Things that are here:
a +0 dagger; a +0 robe; an orc corpse
d - a poisoned dart
i - a fizzy red potion
f - 2 silvery potions (gained 1)
Found a stone staircase leading down.
d - 2 poisoned darts (gained 1)
d - 4 poisoned darts (gained 2)
You see here a +0 whip.
Found a club.
Found a stone staircase leading up.
There is a hazy altar of Hepliaklqana here.
j - a scroll labelled ZUOHET UDECVAWK
There is a stone staircase leading up here.
You see here a +0 club.
There is a stone staircase leading down here.
A ball python comes into view.
An orc comes into view. It is wielding a +0 spear.
The helpless ball python fails to defend itself.
You punch the ball python!
You kill the ball python!
You see here a ball python corpse.
A giant cockroach comes into view.
The orc shouts!
The orc closely misses you.
You hit the orc.
The orc is moderately wounded.
The orc closely misses you.
You punch the orc!
You kill the orc!
No target in view!
No target in view!
g - 4 scrolls labelled WAKHLO IDIF NEG (gained 3)
Things that are here:
a +0 spear; a +0 leather armour; an orc corpse The giant cockroach misses you.
You barely miss the giant cockroach. The giant cockroach bites you.
The giant cockroach closely misses you.
You hit the giant cockroach.
You kill the giant cockroach!
Found a book of Geomancy.
k - a wand of iceblast (9)
You see here a book of Geomancy.
Found a bloodstained altar of Trog.
Found a glowing silver altar of Zin.
An orc comes into view. It is wielding a +0 dagger.
The orc shouts!
There is an open door here.
The orc hits you with a +0 dagger.
You barely miss the orc. The orc hits you but does no damage.
You hit the orc.
Your tail-slap misses the orc.
The orc is severely wounded.
The orc misses you.
You hit the orc but do no damage.
The orc is severely wounded.
The orc closely misses you.
You closely miss the orc.
The orc is severely wounded.
The orc closely misses you.
You hit the orc.
You kill the orc!
No target in view!
l - a ring of fire You now have 120 gold pieces (gained 24).
Things that are here:
a +0 dagger; a +0 ring mail
Things that are here:
a +0 dagger; a +0 ring mail
There is an open door here.
An orc comes into view. It is wielding a +0 short sword.
The orc shouts!
The orc hits you but does no damage.
You barely miss the orc.
Your tail-slap misses the orc.
The orc hits you with a +0 short sword.
You punch the orc!
You kill the orc!
No target in view!
A quokka comes into view.
You barely miss the quokka. The quokka closely misses you.
You hit the quokka but do no damage. The quokka barely misses you.
You closely miss the quokka.
The quokka twitches its whiskers.
The quokka closely misses you.
You barely miss the quokka.
The quokka bites you but does no damage.
You barely miss the quokka. The quokka bites you.
You barely miss the quokka.
The quokka bites you but does no damage.
The quokka closely misses you.
You hit the quokka.
You kill the quokka!
No target in view!
No target in view!
A hound comes into view.
Found a stone staircase leading down.
A hound is nearby!
You hit the hound.
The hound is lightly wounded.
The hound bites you but does no damage. The hound misses you.
You barely miss the hound.
You tail-slap the hound, but do no damage.
The hound is lightly wounded.
The hound bites you.
You closely miss the hound.
The hound is lightly wounded.
The hound closely misses you.
You hit the hound but do no damage.
The hound is lightly wounded.
The hound misses you. The hound bites you but does no damage.
You hit the hound.
The hound is moderately wounded.
The hound closely misses you.
You hit the hound.
The hound is moderately wounded.
The hound closely misses you. The hound bites you.
You hit the hound.
The hound is moderately wounded.
The hound bites you but does no damage.
You barely miss the hound. You tail-slap the hound.
The hound is heavily wounded.
The hound bites you.
You hit the hound but do no damage.
The hound is heavily wounded.
The hound closely misses you. The hound bites you.
You hit the hound but do no damage.
The hound is heavily wounded.
The hound bites you but does no damage.
You hit the hound.
The hound is heavily wounded.
The hound closely misses you. x2
You hit the hound but do no damage.
The hound is heavily wounded.
The hound pauses to sniff the ground.
The hound bites you.
You closely miss the hound.
Your tail-slap misses the hound.
The hound is heavily wounded.
The hound closely misses you.
You barely miss the hound.
The hound is heavily wounded.
The hound completely misses you. The hound misses you.
You hit the hound.
The hound is severely wounded.
The hound barely misses you.
You closely miss the hound. Your punch misses the hound.
The hound is severely wounded.
The hound barely misses you. The hound misses you.
You closely miss the hound.
The hound is severely wounded.
The hound closely misses you.
You closely miss the hound.
The hound is severely wounded.
The hound closely misses you.
You hit the hound.
The hound is almost dead.
The hound bites you but does no damage. x2
You closely miss the hound. You tail-slap the hound.
You kill the hound!
You have reached level 5!
There is a stone staircase leading down here.
You now have 126 gold pieces (gained 6).
A kobold comes into view. It is wielding a +0 club.
A kobold is nearby!
There is an open door here.
The kobold shouts!
You hit the kobold.
You kill the kobold!
Your Fighting skill increases to level 4!
No target in view!
You now have 144 gold pieces (gained 18).
You see here a +0 club.
Found a burning altar of Makhleb and a shadowy altar of Dithmenos.
There is an open door here.
There is an open door here.
There is an open door here.
There is an open door here.
You see here a +0 club.
There is an open door here.
Found a whip.
Unknown command.
An endoplasm comes into view.
An endoplasm is nearby!
The endoplasm quivers.
You hit the endoplasm. You tail-slap the endoplasm.
The endoplasm is almost dead.
The endoplasm hits you but does no damage.
You punch the endoplasm!
You kill the endoplasm!
No target in view!
You see here a ball python skeleton.
A worm comes into view.
The helpless worm fails to defend itself.
You punch the worm!
You tail-slap the worm, but do no damage.
The worm is heavily wounded.
You hit the worm but do no damage.
The worm is heavily wounded.
The worm bites you.
You barely miss the worm.
The worm is moderately wounded.
You hit the worm but do no damage.
The worm is moderately wounded.
The worm bites you.
You barely miss the worm.
The worm is moderately wounded.
The worm completely misses you.
You hit the worm.
The worm is heavily wounded.
You hit the worm.
The worm is almost dead.
The worm barely misses you.
You hit the worm.
You kill the worm!
No target in view!
Found a long sword.
A ball python comes into view.
Found a scroll labelled WAKHLO IDIF NEG.
A kobold comes into view.
It is wielding a +0 dagger and quivering poisoned darts.
Found a stone staircase leading down.
The helpless ball python fails to defend itself.
You hit the ball python.
The ball python is heavily wounded.
The ball python bites you but does no damage.
The ball python completely misses you.
You hit the ball python.
You kill the ball python!
The kobold shouts!
You see here a ball python corpse.
Found a sedimented emerald potion.
The kobold barely misses you.
You hit the kobold.
You kill the kobold!
No target in view!
No target in view!
d - 11 poisoned darts (gained 7)
Things that are here:
a +0 dagger; a kobold corpse
m - a sedimented emerald potion
Things that are here:
a +0 dagger; a kobold corpse
g - 5 scrolls labelled WAKHLO IDIF NEG (gained 1)
You now have 149 gold pieces (gained 5).
You now have 156 gold pieces (gained 7).
A quokka comes into view.
You hit the quokka but do no damage. The quokka closely misses you.
You closely miss the quokka.
The quokka bites you but does no damage.
You hit the quokka.
The quokka is lightly wounded.
The quokka bites you but does no damage.
You closely miss the quokka.
The quokka is lightly wounded.
The quokka bites you but does no damage.
The quokka completely misses you.
You hit the quokka.
The quokka is heavily wounded.
The quokka bites you but does no damage.
You hit the quokka.
The quokka is almost dead.
The quokka misses you.
You closely miss the quokka.
Your tail-slap misses the quokka.
The quokka is almost dead.
The quokka closely misses you.
You barely miss the quokka.
The quokka is almost dead.
The quokka misses you.
A quokka is nearby!
You hit the quokka.
You kill the quokka!
No target in view!
You see here a quokka corpse.
You see here a quokka corpse.
A kobold comes into view. It is wielding a +0 club.
Found 18 gold pieces.
The kobold shouts!
You hear a shout! x2
The kobold hits you but does no damage.
You hit the kobold but do no damage. The kobold hits you with a +0 club.
You closely miss the kobold. You punch the kobold.
The kobold is moderately wounded.
The kobold hits you with a +0 club.
You hit the kobold.
You kill the kobold!
No target in view!
No target in view!
An orc comes into view. It is wielding a +0 dagger.
An orc is nearby!
You hit the orc.
The orc is severely wounded.
The orc hits you but does no damage.
You barely miss the orc. You punch the orc.
You kill the orc!
No target in view!
You now have 174 gold pieces (gained 18).
You see here a +0 club.
You see here a +0 dagger.
An orc comes into view. It is wielding a +0 club.
The orc shouts!
The orc hits you with a +0 club.
You barely miss the orc. You punch the orc, but do no damage.
The orc hits you with a +0 club.
You punch the orc!
You kill the orc!
No target in view!
An orc comes into view. It is wielding a +0 club.
An orc wizard comes into view. It is wielding a +0 dagger.
Things that are here:
a +0 club; a +0 ring mail You closely miss the orc.
You tail-slap the orc, but do no damage.
The orc misses you.
You hit the orc.
Your tail-slap misses the orc.
You punch the orc.
You kill the orc!
You hit the orc wizard.
Your tail-slap misses the orc wizard.
The orc wizard is lightly wounded.
You hit the orc wizard. You punch the orc wizard.
The orc wizard is heavily wounded.
The orc wizard barely misses you.
You punch the orc wizard! Your punch misses the orc wizard.
The orc wizard is almost dead.
The orc wizard gestures wildly while chanting.
The orc wizard flickers and vanishes!
Deactivating autopickup; reactivate with Ctrl-A.
No target in view!
No target in view!
No target in view!
No target in view!
No target in view!
No target in view!
You miss something. Something hits you.
You closely miss something. You tail-slap something. Something hits you.
You closely miss something.
Your tail-slap misses something.
Something hits you.
You barely miss something.
You hear some strange, mumbled words.
Something tries to affect you, but you resist.
You closely miss something. Something hits you.
You hit something. Something hits you.
You miss something. You punch something. Something hits you.
You closely miss something.
You hear some strange, mumbled words.
A puff of flame appears from out of thin air!
The puff of flame hits you!
You hit something.
Reactivating autopickup.
You feel a bit more experienced.
Items here: )) [[ †.
Found an escape hatch in the floor.
An orc comes into view. It is wielding a +0 dagger.
The orc shouts!
The orc hits you but does no damage.
You hit the orc.
You tail-slap the orc, but do no damage.
The orc is heavily wounded.
The orc hits you with a +0 dagger.
You hit the orc.
You kill the orc!
No target in view!
You see here a +0 club.
Done exploring.
Done exploring.
Search for what [Enter for "d:", or ? for help]? d: Unknown command.
Things that are here:
a +0 dagger; a kobold skeleton
There is a stone staircase leading down here.
You climb downwards.
There is a stone staircase leading up here.
A quokka comes into view.
An endoplasm comes into view.
Found an escape hatch in the ceiling.
The quokka completely misses you.
You hit the quokka.
You kill the quokka!
Found a book of Blood.
A giant cockroach comes into view.
Found a stone staircase leading down.
The helpless endoplasm fails to defend itself.
You hit the endoplasm.
The endoplasm is almost dead.
You punch the endoplasm!
You kill the endoplasm!
The giant cockroach bites you but does no damage.
You closely miss the giant cockroach.
You tail-slap the giant cockroach, but do no damage.
The giant cockroach barely misses you.
You barely miss the giant cockroach.
You tail-slap the giant cockroach, but do no damage.
The giant cockroach misses you.
You closely miss the giant cockroach.
The giant cockroach bites you but does no damage.
You hit the giant cockroach.
You kill the giant cockroach!
No target in view!
No target in view!
You see here a giant cockroach corpse.
You pick up a book of Blood and begin reading...
You add the spells Sublimation of Blood, Wereblood and Summon Hydra to your library.
You open the door. 2 orcs and an orc priest come into view.
The orc shouts!
The orc priest shouts!
The orc shouts!
You hit the orc.
Your tail-slap misses the orc.
The orc is almost dead.
You closely miss the orc.
The orc is almost dead.
The orc hits you with a +0 falchion.
You barely miss the orc.
You tail-slap the orc, but do no damage.
The orc is almost dead.
The orc barely misses you.
You hit the orc.
You kill the orc!
The orc priest calls down the wrath of Beogh upon you.
Beogh smites you!
You barely miss the orc priest.
The orc priest calls down the wrath of Beogh upon you.
Pain shoots through your body!
You hit the orc priest.
The orc priest is moderately wounded.
The orc priest hits you but does no damage.
You hit the orc priest but do no damage.
The orc priest is moderately wounded.
The orc priest hits you with a +0 flail.
You punch the orc priest!
The orc priest is almost dead.
You closely miss the orc. You hit the orc priest.
You kill the orc priest!
The orc closely misses you.
You punch the orc!
You kill the orc!
You see here a +0 club.
Items here: )) [ †.
HP restored.
A hound comes into view.
The hound barks!
You closely miss the hound.
Your tail-slap misses the hound.
The hound bites you but does no damage.
You hit the hound but do no damage. The hound misses you. The hound bites you.
You hit the hound but do no damage. You punch the hound.
The hound is moderately wounded.
The hound bites you.
You hit the hound.
The hound is severely wounded.
The hound barely misses you. The hound bites you.
You punch the hound!
You kill the hound!
You have reached level 6!
Your scales feel tougher.
Found a club.
You see here a hound corpse.
A sourceless malevolence fills the Dungeon...
You fall into a shaft and drop 2 floors!
The shaft crumbles and collapses.
Found four altars.
Found 16 gold pieces.
Found a snail-covered altar of Cheibriados.
You now have 190 gold pieces (gained 16).
As you open the door, it creaks loudly!
Found a stone staircase leading down.
There is an open door here.
You open the door.
There is an open door here.
Found a silvery potion.
An orc comes into view. It is wielding a +0 whip.
The orc moves out of view.
An orc comes into view. It is wielding a +0 club. x2
You see here a silvery potion.
f - 3 silvery potions (gained 1)
There are no items here.
An orc comes into view. It is wielding a +0 dagger.
The orc moves out of view.
An orc comes into view. It is wielding a +0 dagger.
The orc shouts!
You hear a shout! x2
You hit the orc.
The orc is severely wounded.
You hit the orc.
The orc is almost dead.
The orc misses you.
You closely miss the orc.
The orc is almost dead.
The orc closely misses you.
You closely miss the orc.
You tail-slap the orc, but do no damage.
The orc is almost dead.
The orc closely misses you.
The orc shouts!
You punch the orc!
You kill the orc!
The orc shouts!
A gnoll comes into view. It is wielding a +0 spear.
The gnoll shouts!
You hear a shout!
A gnoll bouda comes into view. It is wielding a +0 club.
The orc shouts!
You hit the orc but do no damage.
You hear a shout!
The orc hits you but does no damage.
You closely miss the orc.
The orc shouts!
Your tail-slap misses the orc.
The orc hits you with a +0 dagger.
You hit the orc.
The orc is heavily wounded.
The orc barely misses you.
You barely miss the orc.
The orc is heavily wounded.
The orc hits you with a +0 dagger.
You hit the orc. You tail-slap the orc.
You kill the orc!
You hit the orc.
The orc is almost dead.
You hit the orc.
You kill the orc!
A gnoll comes into view. It is wielding a +0 club.
The gnoll hits you but does no damage.
Things that are here:
a +0 whip; a +0 dagger; a +0 leather armour The gnoll shouts!
You hit the gnoll.
The gnoll is moderately wounded.
The gnoll closely misses you.
You hit the gnoll. You tail-slap the gnoll. You punch the gnoll.
You kill the gnoll!
The gnoll bouda barks out a call to the hunt!
The gnoll picks up the pace!
You punch the orc!
You kill the orc!
The gnoll bouda gazes fiercely through you!
You feel your attacks grow feeble.
You closely miss the orc.
A gnoll comes into view. It is wielding a +0 flail.
The orc hits you but does no damage.
You closely miss the orc. You tail-slap the orc.
The orc is heavily wounded.
The orc hits you with a +0 dagger.
A gnoll comes into view. It is wielding a +0 club.
You barely miss the orc.
The orc is heavily wounded.
The orc hits you but does no damage.
You barely miss the orc.
The orc is heavily wounded.
The gnoll shouts!
A gnoll comes into view. It is wielding a +0 halberd.
The orc hits you but does no damage.
Okay, then.
Unknown command.
The gnoll shouts!
You hit the orc.
You kill the orc!
Your attacks no longer feel as feeble.
Throw: 11 darts (poison)
Press: ? - help, Q - select action, (/) - cycle Shift-Dir - straight line, f - gnoll bouda
Aim: a gnoll bouda, wielding a +0 club and wearing a +0 leather armour (63% to hit)
You throw a poisoned dart. The poisoned dart hits the gnoll bouda.
You hit the gnoll bouda but do no damage.
Your tail-slap misses the gnoll bouda.
The gnoll bouda hits you with a +0 club.
You hit the gnoll bouda but do no damage.
You hit the gnoll bouda.
Your tail-slap misses the gnoll bouda.
The gnoll bouda is moderately wounded.
The gnoll bouda hits you with a +0 club.
You punch the gnoll bouda!
The gnoll bouda is severely wounded.
The gnoll bouda hits you with a +0 club!
You barely miss the gnoll bouda.
You tail-slap the gnoll bouda, but do no damage.
The gnoll bouda is severely wounded.
The gnoll bouda hits you with a +0 club.
You barely miss the gnoll bouda.
The gnoll bouda is severely wounded.
The gnoll bouda closely misses you.
You closely miss the gnoll bouda.
The gnoll bouda is severely wounded.
The gnoll bouda prays to its god.
The gnoll bouda is healed somewhat.
You hit the gnoll bouda but do no damage.
The gnoll bouda is heavily wounded.
The gnoll is no longer moving quickly.
The gnoll bouda hits you with a +0 club.
You closely miss the gnoll bouda.
Your tail-slap misses the gnoll bouda.
The gnoll bouda is heavily wounded.
The gnoll is no longer moving quickly. x2; The gnoll bouda barely misses you.
You closely miss the gnoll bouda.
The gnoll bouda is heavily wounded.
The gnoll bouda barks out a call to the hunt!
The gnolls pick up the pace!
You hit the gnoll bouda but do no damage.
The gnoll bouda is heavily wounded.
The gnoll is no longer moving quickly.
The gnoll bouda gazes fiercely through you!
You feel your attacks grow feeble. The gnoll bouda barely misses you.
You barely miss the gnoll bouda. You tail-slap the gnoll bouda.
The gnoll bouda is heavily wounded.
The gnoll bouda barks out a call to the hunt!
The gnoll picks up the pace!
You barely miss the gnoll bouda.
The gnoll bouda is heavily wounded.
The gnoll bouda prays to its god.
The gnoll bouda is healed somewhat.
You closely miss the gnoll bouda.
You tail-slap the gnoll bouda, but do no damage.
The gnoll bouda is moderately wounded.
The gnoll bouda hits you with a +0 club.
It was a potion of curing.
You feel better.
The gnoll bouda hits you with a +0 club!
It was a potion of attraction.
You feel attractive to monsters.
The gnoll bouda hits you but does no damage.
It was a potion of resistance.
You feel protected.
Your attacks no longer feel as feeble.
The gnoll bouda misses you.
It was a potion of brilliance.
You feel clever all of a sudden.
The gnoll bouda gazes fiercely through you!
You feel your attacks grow feeble. The gnoll bouda closely misses you.
Unknown command.
You hit the gnoll bouda but do no damage.
The gnoll bouda is moderately wounded.
You barely miss the gnoll bouda.
The gnoll bouda is moderately wounded.
The gnoll bouda hits you with a +0 club.
You hit the gnoll bouda.
The gnoll bouda is moderately wounded.
The gnoll bouda hits you but does no damage.
You barely miss the gnoll bouda.
The gnoll bouda is moderately wounded.
The gnoll bouda hits you with a +0 club!
You hit the gnoll bouda.
The gnoll bouda is heavily wounded.
The gnoll bouda completely misses you.
You hit the gnoll bouda.
The gnoll bouda is heavily wounded.
Your attacks no longer feel as feeble.
The gnoll bouda hits you with a +0 club.
You barely miss the gnoll bouda. Your punch misses the gnoll bouda.
The gnoll bouda is heavily wounded.
The gnoll bouda hits you but does no damage.
You punch the gnoll bouda!
You kill the gnoll bouda!
The gnoll is no longer moving quickly.
The gnoll completely misses you. The gnoll is attracted toward you. x2
You hit the gnoll but do no damage. You punch the gnoll.
The gnoll is moderately wounded.
The gnoll hits you with a +0 club.
* * * LOW HITPOINT WARNING * * *
You are confused.
You feel invigorated.
The gnoll is no longer moving quickly.
The gnoll misses you.
You hit the gnoll but do no damage.
The gnoll is moderately wounded.
The gnoll is no longer moving quickly.
You hit the gnoll.
The gnoll is heavily wounded.
The gnoll misses you.
You bump into the rock wall.
The gnoll is no longer moving quickly.
The gnoll hits you with a +0 club.
You bump into the rock wall.
The gnoll barely misses you.
You punch the gnoll!
You kill the gnoll!
The gnoll is attracted toward you. x2
You bump into the rock wall.
You feel less invigorated.
You feel less confused. The gnoll hits you with a +0 flail!
You hit the gnoll.
The gnoll is lightly wounded.
The gnoll closely misses you.
You hit the gnoll but do no damage.
The gnoll is lightly wounded.
You closely miss the gnoll. You tail-slap the gnoll.
The gnoll is heavily wounded.
The gnoll closely misses you.
You hit the gnoll.
The gnoll is severely wounded.
The gnoll misses you.
You completely miss the gnoll. You tail-slap the gnoll.
The gnoll is severely wounded.
The gnoll barely misses you.
You barely miss the gnoll.
The gnoll is severely wounded.
The gnoll hits you with a +0 flail.
You hit the gnoll.
You kill the gnoll!
Training target 4.0 for Stealth reached!
Your Stealth skill increases to level 4!
You hit the gnoll. You tail-slap the gnoll.
The gnoll is heavily wounded.
The gnoll hits you but does no damage.
The gnoll hits you from afar with a +0 halberd!
You hit the gnoll.
You tail-slap the gnoll, but do no damage.
The gnoll is heavily wounded.
The gnoll hits you but does no damage. The gnoll barely misses you.
You hit the gnoll but do no damage. You tail-slap the gnoll.
The gnoll is severely wounded.
The gnoll barely misses you.
The gnoll hits you from afar with a +0 halberd.
You hit the gnoll.
You kill the gnoll!
The gnoll closely misses you. The gnoll is attracted toward you.
You hit the gnoll.
The gnoll is moderately wounded.
The gnoll hits you with a +0 halberd!
* * * LOW HITPOINT WARNING * * *
You punch the gnoll!
The gnoll is almost dead.
The gnoll hits you with a +0 halberd!
You die...

Skill      XL: |  1  2  3  4  5  6 |
---------------+-------------------+-----
Stealth        | 2 3 4 |  4.0
Dodging        | 3 |  3.7
Unarmed Combat | 4 |  4.8
Fighting       | 4 |  4.3

Action                   |  1- 3 |  4- 6 || total
-------------------------+-------+-------++-------
Melee: Unarmed           |   133 |   207 ||   340
       Tailslap          |    15 |    25 ||    40
       Punch             |     6 |    12 ||    18
Throw: Dart              |       |     5 ||     5
  Use: Potion            |       |     5 ||     5
 Stab: Sleeping          |     5 |     5 ||    10
Armor: Skin              |    39 |    44 ||    83
Dodge: Dodged            |    73 |    82 ||   155

Levels and vault maps discovered:
D:1:      dpeg_arrival_ternary, layout_loops_cross,
          dreamdust_ecumenical_altar_statues
D:2:      layout_rooms
D:3:      layout_loops_ring, overflow_temple_1_default,
          amethyst_overflow_temple_binary, gammafunk_temple_overflow_pools
D:4:      layout_basic, nicolae_overflow_crystal_walls, serial_shops,
          nicolae_shop_hallway_stairs, minmay_door_square
D:6:      layout_basic, chequers_temple_overflow_minitemple, serial_shops, shop,
          gammafunk_ghost_icy, uniq_grinder

Notes
Turn   | Place    | Note
-------+----------+-------------------------------------------
     0 | D:1      | scionoferis the Draconian Monk began the quest for the Orb.
     0 | D:1      | Reached XP level 1. HP: 19/19 MP: 1/1
   147 | D:1      | Reached skill level 2 in Stealth
   158 | D:1      | Reached XP level 2. HP: 14/26 MP: 2/2
   585 | D:1      | Reached XP level 3. HP: 24/31 MP: 3/3
   698 | D:1      | Found a faded altar of an unknown god.
   888 | D:2      | Reached skill level 3 in Dodging
  1279 | D:2      | Reached XP level 4. HP: 40/40 MP: 4/4
  1569 | D:3      | Found a hazy altar of Hepliaklqana.
  1600 | D:3      | Reached skill level 3 in Stealth
  1726 | D:3      | Reached skill level 4 in Unarmed Combat
  1858 | D:3      | Found a bloodstained altar of Trog.
  1859 | D:3      | Found a glowing silver altar of Zin.
  1956 | D:3      | Reached XP level 5. HP: 36/46 MP: 5/5
  2038 | D:3      | Reached skill level 4 in Fighting
  2040 | D:3      | Found a burning altar of Makhleb.
  2040 | D:3      | Found a shadowy altar of Dithmenos.
  2727 | D:4      | Reached XP level 6. HP: 44/52 MP: 6/6
  2765 | D:4      | You fall into a shaft and drop 2 floors!
  2765 | D:6      | Found an opulent altar of Gozag.
  2765 | D:6      | Found a radiant altar of Vehumet.
  2765 | D:6      | Found a basalt altar of Yredelemnul.
  2765 | D:6      | Found a faded altar of an unknown god.
  2777 | D:6      | Found a snail-covered altar of Cheibriados.
  2881 | D:6      | Identified a potion of resistance
  2906 | D:6      | Reached skill level 4 in Stealth
  2911 | D:6      | Slain by a gnoll

Vanquished Creatures
  2 hounds (D:3 D:4)
  An orc priest (D:4)
  A gnoll bouda (D:6)
  2 orc wizards (D:3)
  5 gnolls (D:1 D:6)
  2 adders (D:2 D:3)
  5 worms (D:2 D:3)
  15 orcs (D:3 D:4 D:6)
  12 endoplasms (D:1 D:2 D:3 D:4)
  3 giant cockroaches (D:2 D:3 D:4)
  A goblin (D:1)
  4 hobgoblins (D:1 D:2)
  2 jackals (D:1)
  6 kobolds (D:2 D:3)
  6 quokkas (D:1 D:2 D:3 D:4)
  11 ball pythons (D:1 D:2 D:3)
  3 bats (D:1 D:2)
  3 rats (D:1 D:2)
84 creatures vanquished.

Table legend: (Time is in decaauts)
 A = Elapsed time spent in this place.
 B = Non-inter-level travel time spent in this place.
 C = Inter-level travel time spent in this place.
 D = Time resting spent in this place.
 E = Time spent auto-exploring this place.
 F = Levels seen in this place.
 G = Mean time per level.
                   A        B        C        D        E       F      G
               +--------+--------+--------+--------+--------+-----+--------+
         Total |   2891 |   2823 |     68 |    149 |   1942 |   5 |  578.2 |
       Dungeon |   2891 |   2823 |     68 |    149 |   1942 |   5 |  578.2 |
               +--------+--------+--------+--------+--------+-----+--------+

Top non-repeatable levels by time:
     D:3: 1091 daAuts
     D:1: 884 daAuts
     D:2: 586 daAuts
     D:4: 189 daAuts
     D:6: 140 daAuts

Table legend:
 A = Non-vault XP
 B = Vault XP
 C = Vault XP percentage of total XP
 D = Non-vault monster count
 E = Vault monster count
 F = Vault count percentage of total count
                 A         B        C        D         E       F
            +---------+---------+-------+---------+---------+-------
      Total |     492 |       0 |   0.0 |      84 |       0 |   0.0
            +---------+---------+-------+---------+---------+-------
        D:1 |      47 |       0 |   0.0 |      20 |       0 |   0.0
        D:2 |      53 |       0 |   0.0 |      22 |       0 |   0.0
        D:3 |     187 |       0 |   0.0 |      25 |       0 |   0.0
        D:4 |      96 |       0 |   0.0 |       7 |       0 |   0.0
        D:6 |     109 |       0 |   0.0 |      10 |       0 |   0.0
            +---------+---------+-------+---------+---------+-------
